 Dungeon Crawl Stone Soup version 0.28.0-45-g0d030f2227 (webtiles) character file.

Game seed: 17543358850879689265

1531 issech the Chopper (level 8, 0/71 HPs)
             Began as a Troll Monk on Apr 18, 2022.
             Was a Believer of Hepliaklqana.
             Slain by a vampire mosquito (11 damage)
             ... on level 6 of the Dungeon.
             The game lasted 00:16:10 (5542 turns).

issech the Chopper (Troll Monk)                     Turns: 5542, Time: 00:16:10

Health: 0/71       AC:  5    Str: 20    XL:     8   Next: 55%
Magic:  7/7        EV:  9    Int:  6    God:    Hepliaklqana [**....]
Gold:   331        SH:  7    Dex: 14    Spells: 7/7 levels left

rFire   . . .      SeeInvis .   p - +4 hand axe of No Interval {elec, rElec}
rCold   . . .      Faith    .   M - +0 kite shield
rNeg    . . .      Spirit   .   b - +0 robe
rPois   .          Reflect  .   (helmet restricted)
rElec   +          Harm     .   G - +0 cloak
rCorr   +          Rampage  .   (gloves unavailable)
Will    .....                   (boots unavailable)
Stlth   ++........              (no amulet)
HPRegen 1.01/turn               e - ring of resist corrosion
MPRegen 0.10/turn               (no ring)

@: no status effects
A: reduced essence, large, unfitting armour, claws 3, regeneration 1, shaggy fur
1, tough skin 1
a: Renounce Religion, Recall Ancestor, Ancestor Identity


You were on level 6 of the Dungeon.
You worshipped Hepliaklqana.
Hepliaklqana was pleased with you.
You visited 2 branches of the dungeon, and saw 7 of its levels.

You collected 331 gold pieces.

Inventory:

Hand Weapons
 a - a +0 mace
 j - a +4 hunting sling of freezing
 p - the +4 hand axe of No Interval (weapon) {elec, rElec}
   (You found it on level 2 of the Dungeon)

   It occasionally discharges a powerful burst of electricity upon striking a
   foe.
   rElec:     It insulates you from electricity.
 s - a +0 long sword
 v - a +1 shortbow of flaming
 z - a +0 giant club
 B - a +0 flail
 D - a +2 vorpal dire flail
 K - the +3 short sword of the Brain {antimagic, *Rage Str+4 Dex+4}
   (You found it on level 5 of the Dungeon)

   It reduces the magical energy of the wielder, and disrupts the spells and
   magical abilities of those it strikes.
   Natural abilities and divine invocations are not affected.
   Str:       It affects your strength (+4).
   Dex:       It affects your dexterity (+4).
   *Rage:     It berserks you when you make melee attacks (+20% chance).
 N - a +0 giant club
Missiles
 g - 153 stones
 i - 49 arrows
 k - 56 sling bullets
 l - 48 bolts
 P - 3 boomerangs (quivered)
Armour
 b - a +0 robe (worn)
 d - an orb of light
 G - a +0 cloak (worn)
 M - a +0 kite shield (worn)
Magical Staves
 w - a staff of poison
 y - a staff of conjuration
Jewellery
 e - a ring of resist corrosion (left claw)
 f - a ring of poison resistance
Wands
 A - a wand of iceblast (8)
Scrolls
 c - a scroll of acquirement {unknown}
 h - a scroll of magic mapping {unknown}
 n - 2 scrolls of fear {unknown}
 o - 3 scrolls of fog {unknown}
 q - a scroll of immolation {unknown}
 x - 2 scrolls of enchant weapon {unknown}
 E - a scroll of teleportation {unknown}
 F - a scroll of noise {unknown}
 I - a scroll of vulnerability {unknown}
 L - 4 scrolls of identify {unknown}
Potions
 m - 3 potions of curing {unknown}
 r - a potion of mutation {unknown}
 t - 2 potions of flight {unknown}
 u - 3 potions of heal wounds {unknown}
 C - 2 potions of invisibility
 H - a potion of berserk rage {unknown}
 J - a potion of degeneration {unknown}
 O - a potion of resistance {unknown}


   Skills:
 + Level 4.5 Fighting
 + Level 1.0 Short Blades
 + Level 5.3(5.9) Axes
 + Level 4.1(5.6) Maces & Flails
 + Level 0.2(0.5) Slings
 + Level 1.1(1.2) Throwing
 + Level 4.1 Dodging
 + Level 2.3 Stealth
 + Level 0.8 Shields


You had 7 spell levels left.
You didn't know any spells.
Your spell library contained the following spells:

 Spells                   Type           Power      Damage    Failure   Level
 Animate Skeleton         Necr           0%         N/A       78%         1
 Apportation              Tloc           0%         N/A       78%         1
 Foxfire                  Conj/Fire      0%         2x1d4     78%         1
 Pain                     Necr           0%         1d4       78%         1
 Shock                    Conj/Air       0%         1d3       78%         1
 Conjure Flame            Conj/Fire      0%         6-21      98%         3
 Inner Flame              Hex/Fire       0%         N/A       98%         3
 Swiftness                Air            0%         N/A       98%         3
 Vampiric Draining        Necr           0%         2d6       98%         3
 Airstrike                Air            0%         N/A       100%        4
 Flame Wave               Conj/Fire      0%         2d4       100%        4
 Alistair's Intoxication  Tmut/Pois      0%         N/A       100%        5


Dungeon Overview and Level Annotations

Branches:
Dungeon (6/15)             Temple (1/1) D:5

Altars:
Ashenzari
Cheibriados
Dithmenos
Elyvilon
Fedhas
Gozag
Hepliaklqana
Kikubaaqudgha
Makhleb
Nemelex Xobeh
Okawaru
Qazlal
Ru
Sif Muna
Trog
Uskayaw
Vehumet
Wu Jian
Xom
Yredelemnul
Zin
The Shining One

Shops:
D:5 *

Annotations:
D:4 Natasha
D:6 3 runed translucent doors, Antichthon's ghost, amateur NaWr


Innate Abilities, Weirdness & Mutations

Your life essence is reduced to manifest your ancestor. (-10% HP)
You are too large for most types of armour.
You have claws for hands.
Your natural rate of healing is unusually fast.
You are covered in fur. (AC +1)
You have tough skin. (AC +1)


Message History

You block the vampire mosquito's attack.
The vampire mosquito bites Sunngifu.
The vampire mosquito barely misses you.
Sunngifu completely misses the vampire mosquito.
The vampire mosquito bites Sunngifu but does no damage.
You barely miss the vampire mosquito.
The vampire mosquito is heavily damaged.
You block the vampire mosquito's attack.
The vampire mosquito closely misses Sunngifu.
The vampire mosquito bites you.
* * * LOW HITPOINT WARNING * * *
The vampire mosquito draws strength from your injuries!
Sunngifu completely misses the vampire mosquito.
The vampire mosquito barely misses Sunngifu.
The vampire mosquito completely misses you.
You barely miss the vampire mosquito.
The vampire mosquito is heavily damaged.
The vampire mosquito bites Sunngifu.
The vampire mosquito bites you but does no damage.
Sunngifu barely misses the vampire mosquito.
The vampire mosquito barely misses Sunngifu.
The vampire mosquito completely misses you.
Sunngifu gestures at the vampire mosquito while chanting.
The puff of frost hits the vampire mosquito!
You hit the vampire mosquito.
The vampire mosquito is heavily damaged.
The vampire mosquito bites Sunngifu!
Sunngifu is destroyed!
The vampire mosquito bites you!
* * * LOW HITPOINT WARNING * * *
The vampire mosquito draws strength from your injuries!
The vampire mosquito bites you.
* * * LOW HITPOINT WARNING * * *
The vampire mosquito draws strength from your injuries!
You barely miss the vampire mosquito.
The vampire mosquito is moderately damaged.
The vampire mosquito barely misses you. The vampire mosquito misses you.
You slash the vampire mosquito!
The vampire mosquito is heavily damaged.
The vampire mosquito bites you!
You die...

.#### #.#
.#### ##.##
..<..
#...######
.####
#........# .#
#...####.# .#
##.## #.#
.#### ### #.#
#.# ....# ..
#####.#####.#
###.# .#
#.(@yy..†.(.#
#.###.#
#.###.#.###.#
#.....# #
#...# #.# #
#.##..# ##..#
#.#
###.....######
#..# #.#
.............#
....##.#
######.#####.#
####..#.# #.#
#.y#.# ####.#
###..


You could see 2 vampire mosquitoes.

Vanquished Creatures
  Grinder (D:5)
  Sigmund (D:5)
  A vampire mosquito (D:6)
  Edmund (D:4)
  A necrophage (D:5)
  2 ogres
  A centaur (D:3)
  A phantom (D:4)
  A bullfrog zombie (D:5)
  A hound (D:5)
  An iguana (D:5)
  Terence (D:3)
  An orc wizard (D:3)
  Natasha (D:4)
  8 adders
  A shadow imp (D:5)
  2 white imps (D:6)
  A worm (D:3)
  2 dart slugs
  4 orcs
  3 endoplasms
  5 giant cockroaches
  8 hobgoblins
  3 jackals (D:1)
  5 kobolds
  4 quokkas
  8 ball pythons
  A bat (D:2)
  3 frilled lizards
  5 goblins
  4 rats
  3 bushes (D:3)
85 creatures vanquished.

Vanquished Creatures (collateral kills)
  A water moccasin (D:6)
  A water moccasin zombie (D:6)
  An orc priest (D:6)
  A dart slug (D:5)
  4 orcs
8 creatures vanquished.

Vanquished Creatures (others)
  A battlemage (D:6)
  7 plants (D:1)
8 creatures vanquished.

Grand Total: 101 creatures vanquished

Notes
Turn   | Place    | Note
-------+----------+-------------------------------------------
     0 | D:1      | issech the Troll Monk began the quest for the Orb.
     0 | D:1      | Reached XP level 1. HP: 22/22 MP: 0/0
   224 | D:1      | Reached XP level 2. HP: 29/29 MP: 1/1
   320 | D:1      | Found a faded altar of an unknown god.
   331 | D:1      | Got Plato's Compendium of Confrontation
   918 | D:1      | Reached XP level 3. HP: 36/36 MP: 2/2
  1365 | D:2      | Identified the +4 hand axe of No Interval {elec, rElec}
  2016 | D:3      | Reached XP level 4. HP: 43/44 MP: 3/3
  2056 | D:3      | Noticed a centaur
  2059 | D:3      | HP: 1/44 [centaur/arrow (2)]
  2062 | D:3      | Killed a centaur
  2063 | D:3      | Reached XP level 5. HP: 4/53 MP: 4/4
  2210 | D:3      | Reached skill level 1 in Axes
  2503 | D:3      | Noticed Terence
  2512 | D:3      | Killed Terence
  2883 | D:4      | Noticed an ogre
  2892 | D:4      | Killed an ogre
  2893 | D:4      | Reached skill level 2 in Axes
  2893 | D:4      | Reached XP level 6. HP: 42/61 MP: 5/5
  2982 | D:4      | Noticed Edmund
  3000 | D:4      | Killed Edmund
  3001 | D:4      | Reached skill level 3 in Axes
  3001 | D:4      | Reached XP level 7. HP: 29/67 MP: 6/6
  3077 | D:4      | Noticed Natasha
  3081 | D:4      | Killed Natasha
  3181 | D:4      | Noticed Natasha
  3352 | D:4      | Found a hide-covered altar of Uskayaw.
  3748 | D:5      | Entered Level 5 of the Dungeon
  3806 | D:5      | Identified the +3 short sword of the Brain {antimagic,
                  | *Rage Str+4 Dex+4}
  3865 | D:5      | Noticed Grinder
  3882 | D:5      | Killed Grinder
  3883 | D:5      | Reached skill level 4 in Axes
  4054 | D:5      | Noticed Sigmund
  4065 | D:5      | Killed Sigmund
  4066 | D:5      | Reached skill level 1 in Throwing
  4066 | D:5      | Reached XP level 8. HP: 78/78 MP: 2/7
  4282 | D:5      | Found a staircase to the Ecumenical Temple.
  4299 | Temple   | Entered the Ecumenical Temple
  4377 | Temple   | Became a worshipper of Hepliaklqana the Forgotten
  4377 | Temple   | Reached * piety under Hepliaklqana
  4377 | Temple   | Reached ** piety under Hepliaklqana
  4378 | Temple   | Remembered your ancestor Sunngifu as a battlemage
  4744 | D:5      | Found Bukuafoa's Elemental Accessories.
  5252 | D:6      | Reached skill level 5 in Axes
  5274 | D:6      | Reached skill level 1 in Short Blades
  5431 | D:6      | Found a runed translucent gate.
  5432 | D:6      | Noticed a slime creature
  5434 | D:6      | Found a runed translucent gate.
  5435 | D:6      | Found a runed translucent gate.
  5435 | D:6      | Noticed Antichthon's ghost (amateur NaWr)
  5542 | D:6      | Slain by a vampire mosquito

Illustrated notes

Levels and vault maps discovered:
D:1:      dpeg_arrival_orchard, layout_basic,
          shapermc_ecumenical_altar_rom_forum
D:2:      layout_loops_ring, kennysheep_nondescript
D:3:      layout_loops_ring, minmay_hedge_maze, minmay_misc_feat_four_crosses,
          uniq_terence
D:4:      layout_basic, eat_drink_and_be_merry_uskayaw,
          chequers_serial_rivers_small_3, uniq_edmund, uniq_natasha
D:5:      layout_layer_cave, minmay_temple_entry_stoned_glass,
          nicolae_elemental_shop, uniq_grinder, uniq_sigmund
D:6:      layout_loops_ring, gammafunk_ghost_split, uniq_menkaure
Temple:   mainiacjoe_temple_hex_bubbles

Skill      XL: |  1  2  3  4  5  6  7  8 |
---------------+-------------------------+-----
Maces & Flails | 3 4 |  4.1
Dodging        | 3 4 |  4.1
Fighting       | 3 4 |  4.5
Axes           | 2 3 4 5 |  5.3
Throwing       | 1 |  1.1
Stealth        | 2 |  2.3
Short Blades   | 1 |  1.0
Slings         | |  0.2
Shields        | |  0.8

Action                   |  1- 3 |  4- 6 |  7- 9 || total
-------------------------+-------+-------+-------++-------
Melee: Mace              |    96 |       |       ||    96
       Hand axe          |    49 |    56 |    45 ||   150
       Short sword       |       |       |    20 ||    20
 Fire: Hunting sling     |       |       |     8 ||     8
Throw: Stone             |       |     7 |     7 ||    14
Invok: Ancestor Life: Ba |       |       |     1 ||     1
 Stab: Sleeping          |       |       |     2 ||     2
       Distracted        |       |       |     1 ||     1
Armor: Robe              |    34 |    10 |     8 ||    52
Dodge: Dodged            |    44 |    35 |    21 ||   100
Block: Kite shield       |       |       |    27 ||    27
